 Dungeon Crawl Stone Soup version 0.21.1-1-g345015f (webtiles) character file.

670782 glosham the Sorcerer (level 27, -6/235 HPs)
             Began as a Mummy Abyssal Knight on May 25, 2018.
             Was the Champion of Lugonu.
             Killed from afar by a yellow draconian scorcher (15 damage)
             ... with a bolt of magma
             ... on level 3 of the Realm of Zot on May 29, 2018.
             The game lasted 17:24:32 (56737 turns).

glosham the Sorcerer (Mummy Abyssal Knight)        Turns: 56737, Time: 17:24:33

Health: -6/235     AC: 23    Str: 25    XL:     27
Magic:  0/61       EV: 19    Int: 25    God:    Lugonu [******]
Gold:   222        SH:  7    Dex: 21    Spells: 5/75 levels left

rFire    + + +     SeeInvis .   a - +9 broad axe of the Hummingbird {freeze, MR+}
rCold    + . .     Gourm    .   Z - +1 buckler of Dishonesty {Str+8 Int-2 Stlth+}
rNeg     + + +     Faith    .   X - +4 fire dragon scales
rPois    ∞         Spirit   +   U - +3 hat of Pondering {ponderous, MR+ MP+10 Int+5}
rElec    +         Reflect  .   Y - scarf {Spirit}
rCorr    +         Harm     .   V - +0 pair of fencer's gloves {+Riposte Dex+3}
MR       +++++                  W - +2 pair of boots of Indemnity {rC+ Regen+}
Stlth    ++........             z - amulet of the Ant {MR+ Regen+}
HPRegen  1.29/turn              D - ring of Borytel {rCorr rF+}
MPRegen  0.37/turn              B - ring "Nonouxt" {rElec rF+ Int+6}

@: about to teleport, slow
A: no food or potions, fire vulnerability, cold resistance 1, negative energy
resistance 3, torment resistance, unbreathing, in touch with death 2
}: 3/15 runes: decaying, serpentine, silver
a: Depart the Abyss, Bend Space, Banish, Corrupt, Enter the Abyss, Renounce
Religion


You were on level 3 of the Realm of Zot.
You worshipped Lugonu.
Lugonu was exalted by your worship.
You were not hungry.

You visited 12 branches of the dungeon, and saw 52 of its levels.
You visited the Abyss 1 time.
You visited 1 bazaar.
You also visited: Volcano.

You collected 11566 gold pieces.
You spent 11344 gold pieces at shops.

Inventory:

Hand Weapons
 a - the +9 broad axe of the Hummingbird (weapon) {freeze, MR+}
   (You found it on level 3 of the Elven Halls)

   It has been specially enchanted to freeze those struck by it, causing extra
   injury to most foes and up to half again as much damage against particularly
   susceptible opponents.
   It can also slow down cold-blooded creatures.
   It affects your resistance to hostile enchantments.
 c - a +4 broad axe of flaming
 d - a +9 broad axe of distortion
Armour
 y - a scarf of cloud immunity
 H - a +2 cloak
 K - quicksilver dragon scales
 M - a +2 cloak
 U - the +3 hat of Pondering (worn) {ponderous, MR+ MP+10 Int+5}
   (You found it on level 3 of the Elven Halls)

   It affects your intelligence (+5).
   It affects your resistance to hostile enchantments.
   It affects your magic capacity (+10).
 V - the +0 pair of fencer's gloves (worn) {+Riposte Dex+3}
   (You bought it in a shop on level 2 of the Orcish Mines)

   It affects your dexterity (+3).
 W - the +2 pair of boots of Indemnity (worn) {rC+ Regen+}
   (You bought it in a shop in a bazaar)

   It protects you from cold.
   It increases your rate of regeneration.
 X - +4 fire dragon scales (worn)
 Y - a scarf of spirit shield (worn)
 Z - the +1 buckler of Dishonesty (worn) {Str+8 Int-2 Stlth+}
   (You found it on level 13 of the Dungeon)

   It affects your strength (+8).
   It affects your intelligence (-2).
   It makes you more stealthy.
Magical Staves
 b - an uncursed staff of energy {!a}
 w - an uncursed staff of wizardry {!a}
Jewellery
 z - the amulet of the Ant (around neck) {MR+ Regen+}
   (You bought it in a shop on level 12 of the Dungeon)

   [amulet of regeneration]

   It affects your resistance to hostile enchantments.
   It increases your rate of regeneration.
 A - the ring "Ibbeatir" {Wiz Str+5}
   (You found it on level 6 of the Lair of Beasts)

   [ring of wizardry]

   It improves your spell success rate.
   It affects your strength (+5).
 B - the ring "Nonouxt" (right hand) {rElec rF+ Int+6}
   (You found it on level 3 of the Crypt)

   [ring of intelligence]

   It affects your intelligence (+6).
   It protects you from fire.
   It insulates you from electricity.
 C - an uncursed ring of protection from cold
 D - the ring of Borytel (left hand) {rCorr rF+}
   (You took it off a vault sentinel on level 4 of the Vaults)

   [ring of resist corrosion]

   It protects you from fire.
 E - a +5 ring of evasion
 F - an uncursed ring of flight
 I - an uncursed ring of see invisible
Wands
 f - a wand of flame (157)
 g - a wand of digging (29)
 h - a wand of polymorph (16)
 i - a wand of paralysis (74)
 j - a wand of clouds (14)
Scrolls
 k - 18 scrolls of teleportation
 l - 3 scrolls of blinking
 m - 7 scrolls of fog
 n - 8 scrolls of fear
 o - 10 scrolls of remove curse
 p - 7 scrolls of identify
 q - 9 scrolls of magic mapping
 r - a scroll of torment {!r}
 s - 2 scrolls of silence {!r}
 u - 10 scrolls of vulnerability
 v - 10 scrolls of immolation
 J - a scroll of amnesia
 L - a scroll of brand weapon
Books
 x - a book of the Warp

   Spells                             Type                      Level
   a - Gell's Gravitas                Translocation                3
   b - Portal Projectile              Hexes/Translocation          3
   c - Force Lance                    Conjuration/Translocation    4
   d - Dispersal                      Translocation                6
   e - Controlled Blink               Translocation                8
   f - Disjunction                    Translocation                8
Miscellaneous
 e - a lightning rod (4/4)
 G - 2 phantom mirrors


   Skills:
 + Level 23.0 Fighting
   Level 10.0 Short Blades
 - Level 17.9(18.0) Axes
   Level 1.5(12.2) Polearms
 + Level 9.7 Armour
 + Level 11.3 Dodging
 - Level 1.9 Stealth
 - Level 4.0 Shields
 * Level 24.5 Spellcasting
 - Level 11.6 Charms
 - Level 7.0 Summonings
 + Level 20.9 Necromancy
 - Level 4.0 Translocations
 - Level 14.0 Invocations
 * Level 4.8 Evocations


You had 5 spell levels left.
You knew the following spells:

 Your Spells              Type           Power        Failure   Level  Hunger
a - Apportation           Tloc           ######       1%          1    N/A
i - Infestation           Necr           ########..   4%          8    N/A
j - Aura of Abjuration    Summ           ######....   3%          5    N/A
l - Summon Lightning Spi  Summ/Air       #####...     6%          4    N/A
u - Dispel Undead         Necr           ########     0%          5    N/A
x - Bolt of Draining      Conj/Necr      ########..   1%          5    N/A
y - Agony                 Necr           ########     0%          5    N/A
z - Borgnjor's Vile Clut  Necr/Erth      ########..   1%          5    N/A
B - Summon Butterflies    Summ           ######..     1%          1    N/A
J - Disjunction           Tloc           ######....   100%        8    N/A
M - Malign Gateway        Summ/Tloc      ######....   92%         7    N/A
P - Passwall              Tmut/Erth      ####......   3%          2    N/A
S - Swiftness             Chrm/Air       ######..     1%          2    N/A
T - Controlled Blink      Tloc           N/A          100%        8    N/A
Z - Animate Dead          Necr           N/A          0%          4    N/A

Dungeon Overview and Level Annotations

Branches:
Dungeon (15/15)            Temple (0/1) D:4            Lair (6/6) D:8
  Swamp (4/4) Lair:3        Snake (4/4) Lair:4        Slime (0/5) Lair:5
    Orc (2/2) D:11            Elf (3/3) Orc:2        Vaults (5/5) D:14
  Crypt (3/3) Vaults:2       Tomb (1/3) Crypt:3      Depths (5/5) D:15
   Hell (1/1)                 Dis (0/7) Hell            Geh (0/7) Hell
    Coc (0/7) Hell            Tar (0/7) Hell            Zot (3/5) Depths:5

Altars:
Ashenzari
Cheibriados
Fedhas
Kikubaaqudgha
Makhleb
Nemelex Xobeh
Okawaru
Uskayaw
Vehumet
Yredelemnul
The Shining One
Beogh

Shops:
D:12 !=:   D:15 [%?   Orc:2 [(*[   Elf:1 ([   Elf:2 [   Elf:3 }=}(   Vaults:1 %
Vaults:2 [   Depths:3 ?

Portals:
Hell: Depths:1 Depths:2 Depths:3 Depths:4 Depths:5
Abyss: Depths:1 Depths:4
Pandemonium: Depths:2 Depths:3 Depths:5
Ziggurat: Depths:3
Trove: Depths:4 (give +6 fire dragon scales)

Annotations:
Elf:2 3 runed doors
Abyss:1 Erica, Josephine


Innate Abilities, Weirdness & Mutations

You do not eat or drink.
Your flesh is vulnerable to fire.
You are immune to poison.
Your flesh is cold resistant. (rC+)
You are immune to negative energy. (rN+++)
You are immune to unholy pain and torment.
You can survive without breathing.
You are strongly in touch with the powers of death.


Message History

You feel strangely unstable.
You feel the Orb delaying your translocation!
You block the purple draconian's attack.
The red draconian annihilator casts a spell at you.
The iron shot misses you.
The death drake bites you but does no damage.
Okay, then.
Your blink will be uncontrolled - continue anyway?
The Orb prevents control of your translocation!
You blink.
As you read the scroll of blinking, it crumbles to dust.
The red draconian hits you but does no damage.
The yellow draconian scorcher points at you and mumbles some strange words.
The bolt of fire hits you! You resist.
* * * LOW HITPOINT WARNING * * *
The red draconian stormcaller mumbles some strange prayers to Qazlal against you.
Qazlal smites you!
* * * LOW HITPOINT WARNING * * *
The red draconian annihilator points at you and mumbles some strange words.
The bolt of lightning hits you! You resist.
* * * LOW HITPOINT WARNING * * *
The bolt of lightning misses the black draconian.
The black draconian misses you.
You riposte.
You slash the black draconian!
The black draconian seems to slow down.
You freeze the black draconian!
The black draconian is moderately wounded.
You hit the red draconian but do no damage.
The red draconian breathes flames at you.
The searing blast hits you! You resist.
* * * LOW HITPOINT WARNING * * *
The red draconian stormcaller mumbles some strange prayers to Qazlal.
The swamp drake disappears in a puff of smoke!
The death drake disappears in a puff of smoke!
Wield which item (- for none, * to show all)? (? for menu, Esc to quit)
Okay, then.
The red draconian annihilator mumbles some strange words.
The red draconian annihilator blinks!
Found 99 gold pieces.
The yellow draconian scorcher gestures at you while chanting.
The bolt of magma hits you! You partially resist.
You die...

.# ..## ## #...#
.## ##..####
####..#
##.....d####q.@.#
+....k.k..#d.##'#
#....k.kd.k§##
$$$ ###..k.k.d###
$$$# #########
####


You could see a black draconian, a purple draconian, a red draconian, a yellow
draconian scorcher, a wind drake and a lindwurm.

Vanquished Creatures
  Khufu (Tomb:1)
  Mara (Crypt:2)
  An ancient lich (Vaults:4)
  2 greater mummies (Tomb:1)
  Saint Roka (Depths:4)
  Frederick (Vaults:3)
  A Killer Klown (Zot:2)
  the Lernaean hydra (Swamp:4)
  6 caustic shrikes (Depths:5)
  The ghost of empire the Minotaur Blade, a veteran MiFi of Cheibriados (Depths:3)
  Geryon (Hell)
  6 golden dragons
  A profane servitor (Crypt:3)
  3 bone dragons
  9 liches
  5 tentacled monstrosities
  2 shard shrike skeletons (Crypt:1)
  5 quicksilver dragons
  The ghost of raikaria the Bludgeoner, an adept DrCj of Okawaru (Vaults:1)
  A titan (shapeshifter) (Vaults:5)
  3 deep elf blademasters
  7 titans
  Asterion (Vaults:3)
  2 death cobs
  2 deep elf master archers (Elf:3)
  5 ancient champions
  14 sphinxes
  9 tengu reavers
  A revenant (Crypt:3)
  2 thorn hunters (Swamp:3)
  7 storm dragons
  3 daevas (Depths:3)
  4 shadow dragons
  14 nagarajas
  2 draconian monks (Zot:2)
  2 iron dragons
  A balrug (Hell)
  12 fire giants
  3 large abominations (Vaults:5)
  11 deep elf sorcerers
  13 frost giants
  5 draconian knights (Zot:2)
  3 draconian scorchers
  21 vault wardens
  An iron dragon (shapeshifter) (Depths:3)
  Aizul (Vaults:3)
  5 ghouls
  A curse skull (Crypt:3)
  A cacodemon (Depths:5)
  3 draconian stormcallers
  21 ironheart preservers
  4 deep elf elementalists
  3 draconian annihilators (Zot:2)
  3 draconian shifters (Zot:2)
  6 reapers
  23 stone giants
  5 war gargoyles
  6 vampire knights
  11 deep elf demonologists
  32 very ugly things
  4 black draconians
  A lorocyproca (Hell)
  An entropy weaver (Vaults:4)
  Azrael (D:15)
  5 white draconians (Zot:2)
  6 deep elf annihilators
  5 green draconians
  4 purple draconians
  2 yellow draconians (Zot:2)
  3 red draconians
  14 spark wasps
  An eidolon (Crypt:1)
  15 ettins
  5 deep elf death magi
  11 fire dragons
  6 mummy priests (Tomb:1)
  2 kraken zombies (Hell)
  16 jiangshi
  3 deep elf high priests
  A merfolk impaler (Depths:3)
  13 yaktaur captains
  12 great orbs of eyes
  7 rakshasas
  29 naga warriors
  23 hydras
  3 spriggan air magi
  26 vault guards
  13 ice dragons
  2 ghost crabs
  Erolcha (D:13)
  An anaconda (shapeshifter) (Depths:1)
  A catoblepas (Lair:6)
  12 anacondas
  18 centaur warriors
  2 two-headed ogres (shapeshifter)
  6 death yaks
  58 two-headed ogres
  4 alligators
  11 death knights
  10 deep troll earth magi
  6 vampire magi
  26 ogre magi
  6 tengu warriors
  29 dancing weapons
  9 death scarabs (Tomb:1)
  12 deep troll shamans
  2 orc high priests (Elf:2)
  9 hell hogs
  24 naga sharpshooters
  10 shock serpents
  2 titan zombies
  2 iron golems (Hell)
  5 soul eaters
  12 deep elf knights
  5 iron trolls
  8 sun demons
  4 salamander mystics
  36 skeletal warriors
  A sixfirhy (Depths:5)
  6 shadow wraiths
  6 sea snakes
  A torturous demonspawn (Depths:5)
  15 wizards
  8 hell knights
  A spriggan druid (Swamp:2)
  A deep troll (shapeshifter) (Depths:5)
  2 anaconda zombies (Hell)
  A golden dragon zombie (Crypt:1)
  59 deep trolls
  A death drake (shapeshifter) (Depths:3)
  10 swamp dragons
  13 orc knights
  2 glowing orange brains
  8 naga ritualists
  5 unseen horrors
  8 deep elf archers
  2 iron dragon zombies
  Pikel (D:7)
  A shadow dragon zombie (Hell)
  14 phantasmal warriors
  9 flayed ghosts
  16 ironbrand convokers
  A harpy (D:15)
  2 wolf spider zombies (D:15)
  9 necromancers
  8 mana vipers
  2 mana vipers (shapeshifter)
  4 wolf spiders
  3 orc sorcerers
  A frost giant zombie (Crypt:3)
  71 deep elf magi
  A shining eye (shapeshifter) (Vaults:4)
  11 cyclopes
  4 elephants (Lair:6)
  A fire giant skeleton (Hell)
  13 salamanders
  67 ugly things
  6 guardian serpents (Snake:4)
  7 moths of wrath
  An iron dragon skeleton (Hell)
  22 vault sentinels
  38 black mambas
  An elf zombie (Depths:2)
  A guardian serpent (shapeshifter) (D:15)
  4 rust devils
  18 naga magi
  An orange demon (Hell)
  A smoke demon (Hell)
  3 molten gargoyles
  2 torpor snails
  17 spiny frogs
  A spiny frog (shapeshifter) (Vaults:1)
  A dire elephant skeleton (Crypt:1)
  A gargoyle (D:15)
  A rime drake (shapeshifter) (D:15)
  7 komodo dragons
  2 kobold demonologists
  2 hellions
  60 yaktaurs
  13 freezing wraiths
  6 demonic crawlers
  2 hellwings (Depths:5)
  A rime drake (Lair:6)
  3 redback zombies
  A sea snake zombie (Crypt:2)
  A white draconian skeleton (Crypt:1)
  8 ice devils
  A harpy zombie (D:15)
  5 guardian mummies (Tomb:1)
  A red devil (Hell)
  6 tengu conjurers
  2 jumping spiders (shapeshifter)
  A merfolk (shapeshifter) (Vaults:5)
  16 hornets
  A merfolk (D:10)
  11 trolls
  10 tyrant leeches
  A sphinx simulacrum (Vaults:1)
  2 polar bears (Lair:6)
  A fire dragon zombie (Tomb:1)
  Grinder (D:5)
  An ettin zombie (Hell)
  12 blink frogs
  8 bog bodies
  39 slime creatures
  An ice dragon zombie (Hell)
  A raiju (shapeshifter) (Vaults:1)
  2 alligator zombies (Hell)
  9 hippogriffs
  5 air elementals
  An alligator skeleton (Hell)
  8 spriggans
  16 wraiths
  78 flying skulls
  2 black mamba zombies
  A hog (shapeshifter) (Depths:2)
  2 tarantellas (shapeshifter)
  2 ice dragon skeletons
  28 redbacks
  A dire elephant simulacrum (Crypt:2)
  4 shadows
  8 water elementals
  A basilisk (D:15)
  50 yaks
  4 ushabtiu (Tomb:1)
  4 wyverns
  18 humans (D:14)
  6 fire bats (Volcano)
  2 golden eyes (shapeshifter)
  2 hungry ghosts
  Grum (D:10)
  12 fire elementals
  27 vampire mosquitoes
  An emperor scorpion simulacrum (Crypt:3)
  Menkaure (D:7)
  2 swamp worms (shapeshifter)
  A soldier ant (D:15)
  14 swamp worms
  84 nagas
  12 wargs
  13 water moccasins
  2 acid dragons
  3 floating eyes
  A floating eye (shapeshifter) (Depths:5)
  3 porcupines
  10 hell hounds (Hell)
  A hornet zombie (D:15)
  A two-headed ogre skeleton (Crypt:2)
  16 swamp drakes
  5 sky beasts
  32 orc warriors
  A spiny frog skeleton (Hell)
  An eye of draining (shapeshifter) (Depths:3)
  3 black bears
  3 black bears (shapeshifter)
  A slave (D:7)
  An ice dragon simulacrum (Crypt:3)
  4 ice beasts
  2 ettin simulacra
  An ogre (shapeshifter) (Depths:3)
  7 necrophages
  7 boggarts
  3 phantoms
  45 ogres
  15 centaurs
  An elephant skeleton (Crypt:2)
  10 crocodiles
  24 wolves
  A crocodile (shapeshifter) (Vaults:5)
  2 komodo dragon zombies (Crypt:2)
  An octopode zombie (Crypt:1)
  A bullfrog (shapeshifter) (Vaults:4)
  13 bullfrogs
  A yaktaur skeleton (Crypt:2)
  A komodo dragon skeleton (Crypt:2)
  A water moccasin zombie (D:6)
  An earth elemental (Elf:2)
  A wyvern skeleton (D:13)
  A wyvern zombie (D:7)
  A spiny frog simulacrum (Hell)
  4 scorpions
  A warg skeleton (Crypt:2)
  A snapping turtle simulacrum (Crypt:3)
  12 killer bees
  A human simulacrum (Vaults:1)
  13 electric eels
  A spriggan skeleton (Crypt:1)
  12 wights
  A howler monkey (shapeshifter) (Depths:4)
  5 howler monkeys
  11 crimson imps
  4 centaur zombies
  4 lava snakes (Volcano)
  A bullfrog zombie (D:7)
  7 hounds
  5 jellies
  50 orc wizards
  14 orc priests
  2 bullfrog skeletons
  5 centaur skeletons
  A basilisk skeleton (Crypt:2)
  2 human zombies
  A human skeleton (Tomb:1)
  5 iguanas
  8 worker ants
  10 small abominations
  A deep dwarf skeleton (Crypt:2)
  A hound skeleton (D:4)
  A hound zombie (D:11)
  A naga skeleton (Tomb:1)
  14 mummies (Tomb:1)
  A howler monkey zombie (D:6)
  2 worker ant zombies (D:10)
  A gnoll (shapeshifter) (Vaults:4)
  A howler monkey skeleton (D:7)
  7 gnolls
  18 adders
  6 shadow imps
  An ufetubus (Depths:3)
  An ooze (shapeshifter) (Vaults:5)
  2 oozes
  A worm (D:2)
  A worm (shapeshifter) (Depths:2)
  2 dart slugs
  2 leopard geckos (D:3)
  111 orcs
  4 giant cockroaches
  9 goblins
  5 hobgoblins
  10 jackals
  5 quokkas
  4 ball pythons
  14 bats
  5 frilled lizards
  A giant cockroach zombie (D:5)
  A hobgoblin skeleton (Crypt:2)
  A jackal skeleton (D:7)
  8 kobolds
  A leopard gecko skeleton (D:4)
  A quokka skeleton (D:5)
  9 rats
  A river rat skeleton (Crypt:1)
  4 briar patches (Swamp:3)
  2 crawling corpses (Crypt:3)
  8 plants
  3 tentacles (Hell)
2732 creatures vanquished.

Vanquished Creatures (collateral kills)
  A juggernaut (Depths:5)
  A caustic shrike (Depths:5)
  A lich (Vaults:4)
  2 tentacled monstrosities (Vaults:5)
  A titan (Vaults:5)
  A shadow dragon (Vaults:5)
  A fire giant (Vaults:5)
  A storm dragon (Vaults:4)
  An iron dragon (Vaults:5)
  A frost giant (Vaults:4)
  2 vault wardens
  An ettin (Vaults:5)
  2 deep elf high priests (Vaults:5)
  7 vault guards
  An ice dragon (Depths:5)
  A centaur warrior (Volcano)
  2 deep elf magi (Vaults:5)
  A phantasmal warrior (Vaults:5)
  An ironbrand convoker (Vaults:5)
  An orc knight (Vaults:5)
  3 deep elf archers (Vaults:5)
  An ugly thing (Depths:5)
  5 yaktaurs
  A water elemental (Depths:5)
  A warg (Vaults:5)
  An eye of draining (shapeshifter) (Vaults:5)
42 creatures vanquished.

Vanquished Creatures (others)
  A golden dragon (Vaults:4)
  A death cob (Zot:3)
  A fire giant (Depths:2)
  The ghost of t7DKbSm the Bludgeoner, a journeyman MiBe of Trog (Swamp:4)
  A yellow draconian (Depths:5)
  The ghost of bmj180 the Carver, a journeyman MiFi of Okawaru (D:12)
  An ettin (D:15)
  A vault guard (D:15)
  The ghost of PeterLawrence the Basher, a novice MiFi of Okawaru (D:9)
  An ogre mage (Depths:4)
  2 two-headed ogres (D:9)
  The ghost of Belissa the Covert, a journeyman SpAK of Lugonu (D:12)
  A deep elf knight (Vaults:5)
  The ghost of Rekenzichi the Destroyer, a novice DrCj of Sif Muna (D:8)
  2 skeletal warriors (D:13)
  A deep troll (Depths:4)
  An orc knight (Orc:2)
  2 orc sorcerers (Orc:2)
  A deep elf mage (Elf:1)
  3 cyclopes
  A salamander (Snake:4)
  4 rust devils (Hell)
  A guardian serpent (Snake:2)
  A gargoyle (D:12)
  A yaktaur (Depths:2)
  The ghost of bmj180 the Digger, a novice GrEE of Vehumet (D:5)
  3 meliai (D:13)
  A hippogriff (D:12)
  An air elemental (Elf:2)
  A basilisk (D:15)
  4 hell hounds (D:15)
  A swamp worm (Orc:2)
  A floating eye (shapeshifter) (Vaults:5)
  A floating eye (D:15)
  An ogre (Vaults:3)
  3 centaurs
  An orc (Elf:2)
  11 fungi
  23 plants
  10 tentacles (Hell)
96 creatures vanquished.

Grand Total: 2870 creatures vanquished

Notes
Turn   | Place    | Note
-------+----------+-------------------------------------------
     0 | Abyss:1  | glosham the Mummy Abyssal Knight began the quest for the Orb.
     0 | Abyss:1  | Reached XP level 1. HP: 18/18 MP: 2/2
    38 | Abyss:1  | Noticed a small abomination
    59 | Abyss:1  | Noticed a thrashing horror
    71 | Abyss:2  | Noticed a smoke demon
    95 | Abyss:2  | Noticed a neqoxec
    96 | D:1      | Escaped the Abyss
   187 | D:1      | Reached skill level 1 in Stealth
   198 | D:1      | Reached * piety under Lugonu
   203 | D:1      | Reached XP level 2. HP: 10/24 MP: 3/3
   217 | D:1      | Found a burning altar of Makhleb.
   642 | D:2      | Found a sparkling altar of Nemelex Xobeh.
   869 | D:2      | Reached XP level 3. HP: 29/29 MP: 4/4
  1007 | D:2      | Found a snail-covered altar of Cheibriados.
  1266 | D:2      | You fall through a shaft for 2 floors!
  1479 | D:3      | Reached skill level 4 in Fighting
  1509 | D:3      | Found an iron altar of Okawaru.
  1509 | D:3      | Found a hide-covered altar of Uskayaw.
  1510 | D:3      | Found a basalt altar of Yredelemnul.
  1610 | D:3      | Reached XP level 4. HP: 29/37 MP: 5/5
  1614 | D:3      | Reached ** piety under Lugonu
  2129 | D:4      | Reached skill level 5 in Fighting
  2129 | D:4      | Reached XP level 5. HP: 26/44 MP: 6/6
  2151 | D:4      | Noticed a phantom
  2230 | D:4      | Killed a phantom
  2230 | D:4      | Reached skill level 6 in Fighting
  2262 | D:4      | Noticed a phantom
  2330 | D:4      | Killed a phantom
  2330 | D:4      | Reached skill level 2 in Armour
  2330 | D:4      | Reached XP level 6. HP: 28/52 MP: 7/7
  2390 | D:4      | Found a staircase to the Ecumenical Temple.
  2454 | D:4      | Reached skill level 3 in Armour
  2465 | D:4      | Found a blossoming altar of Fedhas.
  2466 | D:4      | Found an ancient bone altar of Kikubaaqudgha.
  2865 | D:4      | Reached XP level 7. HP: 16/59 MP: 8/8
  2948 | D:5      | Entered Level 5 of the Dungeon
  3072 | D:5      | Reached skill level 7 in Fighting
  3208 | D:5      | Noticed bmj180's ghost (novice GrEE)
  3421 | D:5      | Noticed Grinder
  3428 | D:5      | Paralysed by Grinder for 6 turns
  3443 | D:5      | Killed Grinder
  3443 | D:5      | Reached skill level 8 in Fighting
  3874 | D:6      | Reached *** piety under Lugonu
  3921 | D:6      | Reached skill level 2 in Invocations
  3921 | D:6      | Reached XP level 8. HP: 41/69 MP: 9/9
  3987 | D:6      | Found a shattered altar of Ashenzari.
  4080 | D:6      | Reached skill level 3 in Invocations
  4193 | D:6      | Reached skill level 4 in Invocations
  4345 | D:5      | Reached skill level 5 in Invocations
  4660 | D:7      | Noticed Menkaure
  4671 | D:7      | Killed Menkaure
  4671 | D:7      | Reached skill level 6 in Invocations
  4961 | D:7      | Noticed Pikel
  4969 | D:7      | Reached XP level 9. HP: 62/75 MP: 14/14
  5002 | D:7      | Killed Pikel
  5002 | D:7      | Reached skill level 7 in Invocations
  5021 | D:7      | Reached skill level 8 in Invocations
  5073 | D:7      | Identified the +8 dagger of Innocence {pierce, Dex+9} (You found it on level 7 of the Dungeon)
  5157 | D:7      | Found a radiant altar of Vehumet.
  5290 | D:7      | Reached **** piety under Lugonu
  5401 | D:7      | Reached skill level 1 in Dodging
  5409 | D:8      | Reached skill level 2 in Dodging
  5424 | D:8      | Found a staircase to the Lair.
  5471 | D:8      | Found a glowing golden altar of the Shining One.
  5487 | D:8      | Noticed Erica
  5488 | D:8      | Banished Erica
  5488 | D:8      | Reached skill level 3 in Dodging
  5490 | D:8      | Noticed Rekenzichi's ghost (novice DrCj)
  5491 | D:8      | Banished Rekenzichi's ghost
  5491 | D:8      | Reached skill level 4 in Dodging
  5682 | D:8      | Reached XP level 10. HP: 68/82 MP: 16/16
  5694 | D:8      | Reached skill level 5 in Dodging
  5957 | D:5      | Banished bmj180's ghost
  6075 | D:9      | Reached skill level 6 in Dodging
  6327 | D:9      | Noticed a two-headed ogre
  6333 | D:9      | Killed a two-headed ogre
  6333 | D:9      | Reached skill level 7 in Dodging
  6334 | D:9      | Noticed PeterLawrence's ghost (novice MiFi)
  6334 | D:9      | Banished PeterLawrence's ghost
  6418 | D:9      | Reached skill level 8 in Dodging
  6560 | D:9      | Noticed a two-headed ogre
  6566 | D:9      | Banished a two-headed ogre
  6813 | D:9      | Reached skill level 1 in Short Blades
  6913 | D:9      | Noticed a two-headed ogre
  6931 | D:9      | HP: 3/82 [something (19)]
  6932 | D:9      | Banished a two-headed ogre
  6932 | D:9      | Reached skill level 2 in Short Blades
  6932 | D:9      | Reached XP level 11. HP: 4/87 MP: 17/17
  6977 | D:9      | HP: 2/87 [yak (12)]
  7062 | D:9      | HP: 7/87 [centaur/shortbow (6)]
  7063 | D:9      | Reached skill level 3 in Short Blades
  7067 | D:9      | HP: 7/87 [wight/dagger (1)]
  7326 | D:8      | Reached skill level 4 in Short Blades
  7548 | D:10     | Entered Level 10 of the Dungeon
  7618 | D:10     | Reached skill level 5 in Short Blades
  7634 | D:10     | Noticed Grum
  7657 | D:10     | Killed Grum
  7864 | D:10     | Noticed Josephine
  7865 | D:10     | Banished Josephine
  7887 | D:10     | Reached skill level 6 in Short Blades
  8274 | D:10     | Reached skill level 7 in Short Blades
  8466 | D:11     | Found a staircase to the Orcish Mines.
  8511 | D:11     | Reached ***** piety under Lugonu
  8597 | D:11     | Noticed a brown ugly thing
  8614 | D:11     | Killed a purple ugly thing
  8709 | D:11     | Reached skill level 8 in Short Blades
  8769 | D:11     | Found a snail-covered altar of Cheibriados.
  8792 | D:11     | Noticed a two-headed ogre
  8802 | D:11     | Killed a two-headed ogre
  9023 | D:12     | Reached XP level 12. HP: 11/94 MP: 13/18
  9024 | D:12     | HP: 3/94 [centaur (8)]
  9316 | D:12     | Reached skill level 9 in Short Blades
  9330 | D:12     | Found Qeowesk's Distillery.
  9572 | D:12     | Noticed bmj180's ghost (journeyman MiFi)
  9574 | D:12     | Banished bmj180's ghost
  9601 | D:12     | Noticed Belissa's ghost (journeyman SpAK)
  9602 | D:12     | Banished Belissa's ghost
  9604 | D:12     | Found Seijod's General Store.
  9697 | D:12     | Found Lituasoe's Jewellery Emporium.
  9736 | D:12     | Reached skill level 10 in Short Blades
  9790 | D:12     | Found Xoher's Book Boutique.
  9842 | Orc:1    | Entered Level 1 of the Orcish Mines
  9875 | D:12     | Bought the amulet of the Ant {MR+ Regen+} for 724 gold pieces
  9953 | Orc:2    | Entered Level 2 of the Orcish Mines
 10033 | Orc:2    | Found a staircase to the Elven Halls.
 10125 | Orc:2    | Noticed a two-headed ogre
 10141 | Orc:2    | Killed a two-headed ogre
 10285 | Orc:2    | Reached skill level 9 in Fighting
 10285 | Orc:2    | Reached skill level 4 in Armour
 10802 | Orc:2    | Found Uxustiq's Armour Boutique.
 10802 | Orc:2    | Found Enwuor's Antique Weapon Emporium.
 10873 | Orc:2    | Found a roughly hewn altar of Beogh.
 11163 | Orc:2    | Found Hunual's Armour Emporium.
 11163 | Orc:2    | Found Voifyubb's General Store.
 11200 | Orc:2    | Reached skill level 10 in Fighting
 11321 | Orc:2    | Reached skill level 5 in Armour
 12229 | D:12     | Bought a +3 ring of evasion for 357 gold pieces
 12328 | Lair:1   | Entered Level 1 of the Lair of Beasts
 12771 | Lair:1   | Reached skill level 11 in Fighting
 12777 | Lair:1   | Identified a scroll of acquirement
 13006 | Lair:2   | Gained mutation: You are in touch with the powers of death. [Mummy growth]
 13006 | Lair:2   | Reached XP level 13. HP: 93/106 MP: 19/19
 13028 | Lair:2   | Got a smelly scale mail
 13198 | Lair:2   | Identified the +8 scale mail "Ikirgh Eduo" {*Slow rC+ Int+6} (You found it on level 2 of the Lair of Beasts)
 13496 | Lair:3   | Reached skill level 6 in Armour
 13575 | Lair:3   | Found a staircase to the Swamp.
 14320 | Lair:4   | Reached skill level 12 in Fighting
 14655 | Lair:4   | Found a staircase to the Snake Pit.
 14802 | Lair:4   | Reached skill level 13 in Fighting
 15169 | Lair:5   | Found a staircase to the Slime Pits.
 15905 | Lair:6   | Entered Level 6 of the Lair of Beasts
 16077 | Lair:6   | Reached skill level 14 in Fighting
 16179 | Lair:6   | Found a dark tunnel.
 16184 | Volcano  | Entered a volcano
 16523 | Volcano  | Found a bloodstained altar of Trog.
 16851 | Lair:6   | Reached XP level 14. HP: 121/121 MP: 20/20
 16939 | Lair:6   | Reached skill level 15 in Fighting
 17292 | Lair:6   | Found a radiant altar of Vehumet.
 17946 | Lair:6   | Reached skill level 16 in Fighting
 17974 | Lair:6   | Identified the ring "Ibbeatir" {Wiz Str+5} (You found it on level 6 of the Lair of Beasts)
 18276 | Orc:2    | Bought the +0 pair of fencer's gloves {+Riposte Dex+3} for 680 gold pieces
 18276 | Orc:2    | Found the +0 pair of fencer's gloves {+Riposte Dex+3}
 18276 | Orc:2    | Bought a +0 helmet for 76 gold pieces
 18324 | Orc:2    | Bought a scroll of enchant weapon for 105 gold pieces
 18398 | D:12     | Bought an uncursed ring of see invisible for 255 gold pieces
 18494 | D:13     | Reached skill level 1 in Axes
 18549 | D:13     | Noticed Erolcha
 18576 | D:13     | Killed Erolcha
 18576 | D:13     | Reached skill level 2 in Axes
 18726 | D:13     | Reached skill level 3 in Axes
 18898 | D:13     | Reached skill level 4 in Axes
 18917 | D:13     | Identified the +1 buckler of Dishonesty {Str+8 Int-2 Stlth+} (You found it on level 13 of the Dungeon)
 19022 | D:13     | Reached skill level 1 in Shields
 19082 | D:13     | Reached skill level 2 in Shields
 19334 | D:14     | Reached skill level 3 in Shields
 19566 | D:14     | Reached skill level 4 in Shields
 19588 | D:14     | Reached ****** piety under Lugonu
 19607 | D:14     | Identified the Disquisition on Transformation and Venom
 19798 | D:14     | Reached skill level 5 in Axes
 19934 | D:14     | Found a gate to the Vaults.
 20024 | D:14     | Reached skill level 6 in Axes
 20024 | D:14     | Reached XP level 15. HP: 129/131 MP: 21/21
 20360 | D:14     | Reached skill level 7 in Axes
 20728 | D:15     | Entered Level 15 of the Dungeon
 20759 | D:15     | Paralysed by a floating eye for 3 turns
 20768 | D:15     | Paralysed by a floating eye for 3 turns
 20852 | D:15     | HP: 9/131 [spriggan rider/spear (12)]
 20927 | D:15     | Identified the ring "Wuotwergh" {Str+4 Int+5} (You found it on level 15 of the Dungeon)
 20980 | D:15     | Reached skill level 8 in Axes
 21046 | D:15     | Found Ugrouj's Food Shop.
 21182 | D:15     | Reached skill level 9 in Axes
 21311 | D:15     | Learned a level 1 spell: Apportation
 21314 | D:15     | Learned a level 2 spell: Passwall
 21316 | D:15     | Learned a level 1 spell: Summon Butterflies
 21317 | D:15     | Identified the ring of the Jolly Souls {Wiz Str+4} (You found it on level 15 of the Dungeon)
 21708 | D:15     | Found Sacav's Magic Scroll Boutique.
 21890 | D:15     | Reached skill level 10 in Axes
 21896 | D:15     | Noticed Azrael
 21905 | D:15     | Killed Azrael
 21960 | D:15     | Noticed a frost giant
 21973 | D:15     | Killed a frost giant
 22058 | D:15     | Identified the ring "Okys" {*Slow rF+ rN+++ Dex+5} (You found it on level 15 of the Dungeon)
 22134 | D:15     | Noticed a tengu reaver
 22134 | D:15     | Banished a tengu reaver
 22164 | D:15     | Found Mecoxt's Antique Armour Boutique.
 22189 | D:15     | Bought a pair of blackened boots for 323 gold pieces
 22189 | D:15     | Identified the +0 pair of boots of the Desolation of Salt {rN+++ Int+4 Dex-5 Stlth+} (You bought it in a shop on level 15 of the Dungeon)
 22191 | D:15     | Bought a pair of boots for 153 gold pieces
 22226 | D:15     | Paralysed by a great orb of eyes for 6 turns
 22307 | D:15     | Found a staircase to the Depths.
 22327 | D:15     | Reached skill level 11 in Axes
 22649 | Snake:1  | Entered Level 1 of the Snake Pit
 22758 | Snake:1  | Found a flickering gateway to a bazaar.
 22865 | Snake:1  | Found a blossoming altar of Fedhas.
 22878 | Snake:1  | Reached XP level 16. HP: 76/138 MP: 22/22
 22981 | Bazaar   | Entered a bazaar
 22993 | Bazaar   | Found Affalik's Gadget Emporium.
 22993 | Bazaar   | Found Ahurol's Armour Emporium.
 23025 | Bazaar   | Found Urphoiv's Antique Armour Shoppe.
 23025 | Bazaar   | Found Mut Damaexo's Distillery.
 23064 | Bazaar   | Bought the +2 pair of boots of Indemnity {rC+ Regen+} for 285 gold pieces
 23241 | Snake:1  | Reached skill level 12 in Axes
 23853 | Snake:2  | Reached skill level 13 in Axes
 24426 | Snake:2  | Reached skill level 14 in Axes
 25373 | Snake:3  | Reached XP level 17. HP: 138/144 MP: 23/23
 25564 | Snake:4  | Entered Level 4 of the Snake Pit
 25751 | Snake:4  | Identified the ring of Edirph {*Drain +Fly rN+ Dex+2 Stlth+} (You found it on level 4 of the Snake Pit)
 25804 | Snake:4  | Reached skill level 15 in Axes
 26582 | Snake:4  | Reached skill level 16 in Axes
 27268 | Snake:4  | Got a serpentine rune of Zot
 27578 | Snake:4  | Reached skill level 17 in Axes
 27739 | Snake:4  | Reached XP level 18. HP: 132/151 MP: 24/24
 28416 | D:12     | Bought a manual of Fighting for 1656 gold pieces
 28589 | Swamp:1  | Entered Level 1 of the Swamp
 29077 | Swamp:4  | Entered Level 4 of the Swamp
 29273 | Swamp:4  | Reached skill level 17 in Fighting
 29392 | Swamp:4  | Noticed t7DKbSm's ghost (journeyman MiBe)
 29393 | Swamp:4  | Banished t7DKbSm's ghost
 29706 | Swamp:4  | Reached skill level 18 in Fighting
 29710 | Swamp:4  | Noticed the 27-headed Lernaean hydra
 29714 | Swamp:4  | Killed the 25-headed Lernaean hydra
 29819 | Swamp:4  | Got a decaying rune of Zot
 30061 | Swamp:3  | Reached skill level 19 in Fighting
 30547 | Swamp:2  | Found an ancient bone altar of Kikubaaqudgha.
 30897 | Swamp:1  | Identified the +9 ring mail of the Echidna {rC+} (You found it on level 1 of the Swamp)
 30949 | Swamp:1  | Reached skill level 9 in Invocations
 31630 | Elf:1    | Entered Level 1 of the Elven Halls
 31641 | Elf:1    | Reached XP level 19. HP: 156/168 MP: 26/26
 31754 | Elf:1    | Identified the +1 leather armour of the Arcane {Int+2} (You found it on level 1 of the Elven Halls)
 31917 | Elf:1    | Reached skill level 10 in Invocations
 32367 | Elf:1    | Found Loegruets's Weapon Shop.
 32495 | Elf:1    | Found Caekir's Armour Boutique.
 32584 | Elf:2    | Reached skill level 11 in Invocations
 32609 | Elf:2    | Found a runed gate.
 32609 | Elf:2    | Found a runed gate.
 32614 | Elf:2    | Found a runed gate.
 32737 | Elf:2    | Found Afuahin's Armour Emporium.
 33362 | Elf:2    | Reached skill level 12 in Invocations
 33392 | Elf:2    | Reached skill level 9 in Dodging
 33765 | Elf:3    | Entered Level 3 of the Elven Halls
 33876 | Elf:3    | Reached skill level 20 in Fighting
 34047 | Elf:3    | Found Koxuz's Weapon Shoppe.
 34170 | Elf:3    | Found Ungek's Gadget Shoppe.
 34170 | Elf:3    | Found Puty's Jewellery Boutique.
 34171 | Elf:3    | Found Tastax's Gadget Shoppe.
 34183 | Elf:3    | Bought an uncursed ring of flight for 280 gold pieces
 34183 | Elf:3    | Bought a +5 ring of evasion for 880 gold pieces
 34879 | Elf:3    | Reached XP level 20. HP: 176/176 MP: 29/29
 34920 | Elf:3    | Reached skill level 7 in Armour
 35002 | Elf:3    | Identified the amulet of Kihim {Spirit rPois rC++ rN+ Str-2} (You took it off a deep elf sorcerer on level 3 of the Elven Halls)
 35037 | Elf:3    | Identified the +3 trident of Famine {pain, rC+ Str+3} (You took it off a deep elf demonologist on level 3 of the Elven Halls)
 35073 | Elf:3    | Identified the +9 broad axe of the Hummingbird {freeze, MR+} (You found it on level 3 of the Elven Halls)
 35082 | Elf:3    | Identified the Tome of Snow
 35108 | Elf:3    | Identified the ring of Inod {*Tele rElec Str+2 Slay-5 Stlth+} (You found it on level 3 of the Elven Halls)
 35207 | Elf:3    | Found the +3 hat of Pondering {ponderous, MR+ MP+10 Int+5}
 35278 | Elf:3    | Reached skill level 13 in Invocations
 35664 | Vaults:1 | Entered Level 1 of the Vaults
 36310 | Vaults:1 | Noticed raikaria's ghost (adept DrCj)
 36346 | Vaults:1 | Killed raikaria's ghost
 36479 | Vaults:1 | Reached skill level 10 in Dodging
 36710 | Vaults:1 | Found Piazyafu's Food Boutique.
 36747 | Vaults:1 | Reached skill level 8 in Armour
 36846 | Vaults:1 | Reached skill level 21 in Fighting
 36972 | Vaults:1 | Identified a +6 broad axe of distortion (a +4 broad axe of flaming corrupted by Lugonu)
 36972 | Vaults:1 | Received a gift from Lugonu
 37074 | Vaults:1 | Reached skill level 14 in Invocations
 37276 | Vaults:2 | Reached XP level 21. HP: 158/186 MP: 26/31
 37732 | Vaults:2 | Found Utor's Antique Armour Shoppe.
 37995 | Vaults:2 | Found an ancient bone altar of Kikubaaqudgha.
 37997 | Vaults:2 | Found a staircase to the Crypt.
 37998 | Vaults:2 | Found a basalt altar of Yredelemnul.
 38100 | Vaults:2 | Found a radiant altar of Vehumet.
 38110 | Vaults:2 | Identified the +3 hat of Ennui {rElec rF- Int+5} (You found it on level 2 of the Vaults)
 38171 | Vaults:2 | Identified the +0 robe of the Harvest Moon {Int+3} (You found it on level 2 of the Vaults)
 38484 | D:15     | Learned a level 2 spell: Swiftness
 38490 | D:15     | Learned a level 4 spell: Animate Dead
 38669 | Vaults:3 | Reached skill level 1 in Spellcasting
 38669 | Vaults:3 | Reached skill level 1 in Charms
 38683 | Vaults:3 | Noticed Frederick
 38695 | Vaults:3 | Killed Frederick
 38695 | Vaults:3 | Reached skill level 2 in Spellcasting
 38695 | Vaults:3 | Reached skill level 2 in Charms
 38722 | Vaults:3 | Reached skill level 3 in Spellcasting
 38722 | Vaults:3 | Reached skill level 3 in Charms
 38733 | Vaults:3 | Reached skill level 4 in Spellcasting
 38733 | Vaults:3 | Reached skill level 4 in Charms
 38780 | Vaults:3 | Reached skill level 5 in Spellcasting
 38780 | Vaults:3 | Reached skill level 5 in Charms
 39088 | Vaults:3 | Reached skill level 6 in Spellcasting
 39088 | Vaults:3 | Reached skill level 6 in Charms
 39340 | Vaults:3 | Reached skill level 1 in Translocations
 39340 | Vaults:3 | Reached skill level 7 in Charms
 39341 | Vaults:3 | Reached skill level 7 in Spellcasting
 39367 | Vaults:3 | Noticed Aizul
 39379 | Vaults:3 | Killed Aizul
 39585 | Vaults:3 | Noticed Asterion
 39599 | Vaults:3 | Killed Asterion
 39717 | Vaults:3 | Reached skill level 8 in Spellcasting
 39717 | Vaults:3 | Reached skill level 8 in Charms
 39717 | Vaults:3 | Reached skill level 2 in Translocations
 40210 | Vaults:4 | Reached skill level 9 in Spellcasting
 40210 | Vaults:4 | Reached skill level 9 in Charms
 40384 | Vaults:4 | Reached XP level 22. HP: 185/194 MP: 35/35
 40507 | Vaults:4 | Reached skill level 10 in Spellcasting
 40507 | Vaults:4 | Reached skill level 10 in Charms
 40817 | Vaults:4 | Reached skill level 11 in Charms
 40819 | Vaults:4 | Reached skill level 11 in Spellcasting
 41241 | Crypt:1  | Entered Level 1 of the Crypt
 41270 | Crypt:1  | Reached skill level 12 in Spellcasting
 41443 | Crypt:1  | Reached skill level 13 in Spellcasting
 41804 | Crypt:2  | Reached skill level 3 in Translocations
 41960 | Crypt:2  | Noticed Mara
 41973 | Crypt:2  | Noticed glosham's illusion
 41996 | Crypt:2  | Killed Mara
 42350 | Crypt:3  | Entered Level 3 of the Crypt
 42358 | Crypt:3  | Reached skill level 14 in Spellcasting
 42459 | Crypt:3  | Reached skill level 4 in Translocations
 42662 | Crypt:3  | Found a basalt altar of Yredelemnul.
 42691 | Crypt:3  | Reached XP level 23. HP: 198/201 MP: 41/41
 42699 | Crypt:3  | Reached skill level 15 in Spellcasting
 43059 | Crypt:3  | Reached skill level 16 in Spellcasting
 43184 | Crypt:3  | Identified the ring "Nonouxt" {rElec rF+ Int+6} (You found it on level 3 of the Crypt)
 43289 | Crypt:3  | Reached skill level 17 in Spellcasting
 43425 | Crypt:3  | Found a staircase to the Tomb.
 43448 | Crypt:3  | Identified the Compendium of Unholy Magic
 43479 | Crypt:3  | Identified the +8 triple sword of Prudence {flame, Dex+6} (You found it on level 3 of the Crypt)
 43487 | Tomb:1   | Entered Level 1 of the Tomb of the Ancients
 43693 | Tomb:1   | Reached skill level 18 in Spellcasting
 43769 | Tomb:1   | Noticed Khufu
 43781 | Tomb:1   | Noticed a greater mummy
 43803 | Tomb:1   | Killed a greater mummy
 43856 | Tomb:1   | Noticed a greater mummy
 43873 | Tomb:1   | Killed a greater mummy
 43880 | Tomb:1   | Killed Khufu
 43880 | Tomb:1   | Reached skill level 19 in Spellcasting
 44717 | D:15     | Learned a level 3 spell: Lesser Beckoning
 44718 | Depths:1 | Entered Level 1 of the Depths
 44762 | Depths:1 | Reached skill level 20 in Spellcasting
 44781 | Depths:1 | Reached skill level 1 in Summonings
 44825 | Depths:1 | Reached skill level 2 in Summonings
 44949 | Depths:1 | Reached skill level 3 in Summonings
 45006 | Depths:1 | Reached XP level 24. HP: 118/208 MP: 32/47
 45016 | Depths:1 | Reached skill level 4 in Summonings
 45248 | Depths:1 | Found a one-way gate to the infinite horrors of the Abyss.
 45325 | Depths:1 | Reached skill level 5 in Summonings
 45426 | Depths:1 | Reached skill level 6 in Summonings
 45554 | Depths:1 | Found a gateway to Hell.
 45559 | Depths:1 | Reached skill level 7 in Summonings
 45622 | Depths:1 | Learned a level 4 spell: Summon Lightning Spire
 45752 | Depths:1 | Identified the +4 arbalest "Zubeceseg" {freeze, Str+6} (You found it on level 1 of the Depths)
 46108 | D:12     | Bought a book of Summonings for 1050 gold pieces
 46108 | D:12     | Bought a book of Death for 1050 gold pieces
 46114 | D:12     | Learned a level 5 spell: Aura of Abjuration
 46190 | Orc:2    | Bought +0 fire dragon scales for 780 gold pieces
 46209 | Orc:2    | Learned a level 5 spell: Dispel Undead
 46216 | Orc:2    | Learned a level 6 spell: Shadow Creatures
 46222 | Orc:2    | Learned a level 5 spell: Agony
 46228 | Orc:2    | Learned a level 5 spell: Bolt of Draining
 46418 | D:15     | Learned a level 5 spell: Borgnjor's Vile Clutch
 46425 | D:15     | Learned a level 6 spell: Death Channel
 46434 | D:15     | Learned a level 8 spell: Infestation
 46515 | Depths:2 | Reached skill level 1 in Necromancy
 46642 | Depths:2 | Reached skill level 2 in Necromancy
 46725 | Depths:2 | Reached skill level 3 in Necromancy
 46948 | Depths:2 | Reached skill level 4 in Necromancy
 47019 | Depths:2 | Reached skill level 5 in Necromancy
 47185 | Depths:2 | Reached skill level 6 in Necromancy
 47258 | Depths:2 | Reached skill level 7 in Necromancy
 47433 | Depths:2 | Reached skill level 8 in Necromancy
 47452 | Depths:2 | Found the +3 giant club "Skullcrusher" {speed, Str+7}
 47600 | Depths:2 | Reached skill level 9 in Necromancy
 47623 | Depths:2 | Found a one-way gate leading to the halls of Pandemonium.
 47780 | Depths:3 | Found a gateway to a ziggurat.
 47919 | Depths:3 | Reached skill level 10 in Necromancy
 48124 | Depths:3 | Noticed empire's ghost (veteran MiFi)
 48136 | Depths:3 | Killed empire's ghost
 48136 | Depths:3 | Reached skill level 11 in Necromancy
 48267 | Depths:3 | Reached XP level 25. HP: 196/215 MP: 45/47
 48282 | Depths:3 | Reached skill level 12 in Necromancy
 48483 | Depths:3 | Found Ipaluwe's Magic Scroll Shoppe.
 48820 | Depths:3 | Reached skill level 13 in Necromancy
 49199 | Depths:3 | Reached skill level 14 in Necromancy
 49489 | Depths:4 | Reached skill level 15 in Necromancy
 49665 | Depths:4 | Identified the +4 hand crossbow of Bait {penet, Int-3 Dex+2 SInv} (You found it on level 4 of the Depths)
 49669 | Depths:4 | Noticed Saint Roka
 49692 | Depths:4 | Killed Saint Roka
 49805 | Depths:4 | Reached skill level 16 in Necromancy
 49836 | Depths:4 | Found a portal to a secret trove of treasure.
 50162 | Depths:5 | Entered Level 5 of the Depths
 50256 | Depths:5 | Reached skill level 17 in Necromancy
 50442 | Depths:5 | Gained mutation: You are strongly in touch with the powers of death. [Mummy growth]
 50442 | Depths:5 | Reached XP level 26. HP: 200/222 MP: 15/47
 50444 | Depths:5 | Identified the +6 trident of Power {chaos, rPois rF+ MP+9 Dex-2} (You took it off a tengu reaver on level 5 of the Depths)
 50531 | Depths:5 | Reached skill level 18 in Necromancy
 50887 | Depths:5 | Found a gate to the Realm of Zot.
 51061 | Depths:5 | Reached skill level 19 in Necromancy
 51159 | Depths:5 | Noticed a juggernaut
 51168 | Depths:5 | Killed a juggernaut
 51421 | Hell     | Entered the Vestibule of Hell
 51421 | Hell     | Noticed Geryon
 51576 | Hell     | Reached skill level 21 in Spellcasting
 51666 | Hell     | Killed Geryon
 51813 | Hell     | Found a gateway to the decaying netherworld of Tartarus.
 51915 | Hell     | Found a gateway to the ashen valley of Gehenna.
 51979 | Hell     | Found a gateway to the Iron City of Dis.
 52043 | Hell     | Found a gateway to the freezing wastes of Cocytus.
 52390 | Vaults:5 | Entered Level 5 of the Vaults
 52406 | Vaults:4 | HP: 13/224 [deep elf knight/stone arrow[an ironheart preserver] (22)]
 52592 | Vaults:4 | Reached skill level 22 in Fighting
 52657 | Vaults:4 | Reached skill level 22 in Spellcasting
 52798 | Vaults:4 | Reached XP level 27. HP: 123/231 MP: 27/49
 52898 | Vaults:4 | Got a shimmering silver ring
 52899 | Vaults:4 | Identified the ring of Borytel {rCorr rF+} (You took it off a vault sentinel on level 4 of the Vaults)
 53023 | Vaults:5 | Reached skill level 20 in Necromancy
 53028 | Vaults:5 | Noticed an ancient lich
 53180 | Vaults:4 | Killed an ancient lich
 53385 | Vaults:5 | Noticed a juggernaut
 53385 | Vaults:5 | a shard shrike changed into a juggernaut
 53389 | Vaults:5 | a juggernaut changed into a titan
 53414 | Vaults:5 | Reached skill level 23 in Spellcasting
 53691 | Vaults:5 | Identified the +7 dagger "Dadghatz" {flame, rPois MR- Str+3 Dex+3} (You took it off a deep elf archer on level 5 of the Vaults)
 54141 | Vaults:5 | Identified the +5 scale mail "Cuge" {rPois Int+2 Stlth+} (You found it on level 5 of the Vaults)
 54194 | Vaults:5 | Identified the +2 leather armour of Fedhas {rPois Int+2} (You found it on level 5 of the Vaults)
 54452 | Vaults:5 | Identified the cursed +1 ring mail of the Known World {Regen+} (You found it on level 5 of the Vaults)
 54706 | Vaults:5 | Got a silver rune of Zot
 54912 | D:12     | Bought a book of the Warp for 1350 gold pieces
 54989 | Orc:2    | Bought a scroll of identify for 28 gold pieces
 55134 | Elf:3    | Bought a wand of polymorph (6) for 112 gold pieces
 55134 | Elf:3    | Bought a wand of clouds (3) for 294 gold pieces
 55134 | Elf:3    | Bought a wand of polymorph (7) for 126 gold pieces
 55358 | D:15     | Learned a level 7 spell: Malign Gateway
 55367 | D:15     | Learned a level 8 spell: Controlled Blink
 55376 | D:15     | Learned a level 8 spell: Disjunction
 55481 | Zot:1    | Entered Level 1 of the Realm of Zot
 55503 | Zot:2    | Reached skill level 9 in Armour
 55526 | Zot:2    | Reached skill level 24 in Spellcasting
 55653 | Depths:3 | Bought a scroll of acquirement for 780 gold pieces
 55833 | Zot:2    | Reached skill level 1 in Evocations
 55926 | Zot:2    | Reached skill level 11 in Dodging
 55932 | Zot:2    | Reached skill level 2 in Evocations
 56033 | Zot:2    | Identified the +0 robe of Satisfaction {rPois rC- MR+ Stlth+} (You found it on level 2 of the Realm of Zot)
 56310 | Zot:2    | Reached skill level 3 in Evocations
 56632 | Zot:3    | Reached skill level 4 in Evocations
 56668 | Zot:3    | Reached skill level 23 in Fighting
 56716 | Zot:3    | Noticed an orb of fire
 56718 | Zot:3    | HP: 21/235 [orb of fire/fireball (6)]
 56723 | Zot:3    | HP: 22/235 [bone dragon (1)]
 56730 | Zot:3    | HP: 21/235 [yellow draconian scorcher/bolt of fire (6)]
 56730 | Zot:3    | HP: 1/235 [red draconian annihilator/bolt of lightning (12)]
 56737 | Zot:3    | Killed from afar by a yellow draconian scorcher

Skill      XL: |  1  2  3  4  5  6  7  8  9 10 11 12 13 14 15 16 17 18 19 20 21 22 23 24 25 26 27 |
---------------+----------------------------------------------------------------------------------+-----
Stealth        | 1 |  1.9
Fighting       | 4 5 6 8 11 14 16 19 20 21 22 23 | 23.0
Armour         | 2 3 5 6 8 9 |  9.7
Invocations    | 2 6 8 9 12 14 | 14.0
Dodging        | 4 8 9 10 11 | 11.3
Short Blades   | 2 8 10 | 10.0
Axes           | 6 11 14 17 | 17.9
Shields        | 4 |  4.0
Spellcasting   | 9 14 20 22 24 | 24.5
Charms         | 9 11 | 11.6
Translocations | 2 4 |  4.0
Summonings     | 3 7 |  7.0
Necromancy     | 11 17 19 20 | 20.9
Evocations     | 4 |  4.8
Polearms       | |  1.5

Action                   |  1- 3 |  4- 6 |  7- 9 | 10-12 | 13-15 | 16-18 | 19-21 | 22-24 | 25-27 || total
-------------------------+-------+-------+-------+-------+-------+-------+-------+-------+-------++-------
Melee: Spear             |   119 |    92 |   136 |       |       |       |       |       |       ||   347
       Dagger            |       |    79 |   241 |  1444 |  2376 |       |       |       |       ||  4140
       Broad axe         |       |       |       |       |   101 |  1769 |  1638 |  2062 |  1711 ||  7281
 Fire: Hunting sling     |       |    62 |       |       |       |       |       |       |       ||    62
       Shortbow          |       |       |     2 |       |       |       |       |       |       ||     2
Throw: Stone             |    12 |     3 |       |       |       |       |       |       |       ||    15
       Throwing net      |       |     1 |       |     1 |       |       |       |       |       ||     2
 Cast: Passwall          |       |       |       |       |    10 |     2 |     2 |       |     1 ||    15
       Apportation       |       |       |       |       |       |       |     1 |    83 |    45 ||   129
       Dispel Undead     |       |       |       |       |       |       |       |     6 |     7 ||    13
       Agony             |       |       |       |       |       |       |       |       |    23 ||    23
       Borgnjor's Vile C |       |       |       |       |       |       |       |       |    69 ||    69
       Shadow Creatures  |       |       |       |       |       |       |       |       |     3 ||     3
       Aura of Abjuratio |       |       |       |       |       |       |       |       |    10 ||    10
       Infestation       |       |       |       |       |       |       |       |       |    11 ||    11
       Bolt of Draining  |       |       |       |       |       |       |       |       |     7 ||     7
       Animate Dead      |       |       |       |       |       |       |       |       |     3 ||     3
       Summon Butterflie |       |       |       |       |       |       |       |       |     1 ||     1
Invok: Depart the Abyss  |     1 |       |       |       |       |       |       |       |       ||     1
       Banish            |       |       |     3 |    25 |    15 |     2 |     7 |       |     8 ||    60
       Bend Space        |       |       |       |     2 |     1 |     1 |       |     1 |     2 ||     7
       Brand Weapon With |       |       |       |       |       |       |     1 |       |       ||     1
Evoke: Wand              |       |       |    14 |    31 |    43 |     3 |     9 |     7 |    17 ||   124
       Phantom mirror    |       |       |       |       |     1 |       |       |       |     1 ||     2
       Lightning rod     |       |       |       |       |     8 |       |       |       |       ||     8
  Use: Scroll            |     9 |     1 |     6 |     9 |    23 |     6 |     7 |     8 |    21 ||    90
 Stab: Held in net/web   |       |       |       |     1 |       |       |       |       |       ||     1
       Petrified         |       |       |       |       |     1 |       |       |       |       ||     1
       Confused          |       |       |       |       |     3 |       |       |       |       ||     3
       Distracted        |       |       |       |       |     1 |       |     1 |       |     9 ||    11
       Paralysed         |       |       |       |       |     1 |       |       |       |       ||     1
       Invisible         |       |       |       |       |       |       |       |       |     2 ||     2
       Sleeping          |       |       |       |       |       |       |       |       |     1 ||     1
Armor: Storm dragon scal |    49 |   109 |   228 |   385 |   471 |   572 |   384 |   500 |       ||  2698
       Plate armour      |       |       |       |       |     9 |       |       |       |       ||     9
       Fire dragon scale |       |       |       |       |       |       |       |   124 |   575 ||   699
Dodge: Dodged            |    23 |    38 |   112 |   616 |  1080 |   862 |   669 |  1173 |  1343 ||  5916
Block: Buckler           |       |       |       |       |   201 |   433 |   286 |   482 |   439 ||  1841
       Rpst.: Dagger     |       |       |       |       |   107 |       |       |       |       ||   107
       Broad axe         |       |       |       |       |    20 |   158 |   159 |   229 |   259 ||   825

Table legend:
 A = Turns spent in this place as a percentage of turns spent in the entire game.
 B = Non-inter-level travel turns spent in this place as a percentage of non-inter-level travel turns spent in the entire game.
 C = Inter-level travel turns spent in this place as a percentage of turns spent in this place.
 D = Turns resting spent in this place as a percentage of non-inter-level travel turns spent in this place.
 E = Turns spent auto-exploring this place as a percentage of non-inter-level travel turns spent in this place.
 F = Non-inter-level travel turns spent in this place divided by the number of levels of this place that you've seen.
                   A       B       C       D       E      F
               +-------+-------+-------+-------+-------+----------------------
         Total | 100.0 | 100.0 |  15.8 |   4.0 |   2.6 | 853.1
       Dungeon |  27.6 |  26.0 |  20.7 |   1.3 |   1.4 | 828.0
          Lair |   9.9 |  10.3 |  12.6 |   2.9 |   4.2 | 818.7
         Swamp |   4.6 |   5.0 |   9.5 |   0.3 |   1.5 | 597.0
     Snake Pit |   9.6 |  10.7 |   6.9 |   8.0 |   3.0 | 1273.5
  Orcish Mines |   5.0 |   4.3 |  26.7 |   3.4 |   1.4 | 1032.0
   Elven Halls |   7.0 |   6.6 |  20.6 |   6.3 |   0.6 | 1056.0
        Vaults |  14.3 |  14.0 |  17.6 |   6.8 |   4.0 | 1334.6
         Crypt |   4.1 |   4.3 |  12.6 |   0.8 |   1.0 | 685.7
          Tomb |   1.6 |   1.7 |  13.8 |   4.1 |  10.3 | 799.0
        Depths |  12.1 |  12.4 |  13.3 |   5.4 |   3.0 | 1187.4
          Hell |   1.0 |   1.1 |   4.6 |   0.0 |  11.1 | 524.0
           Zot |   1.9 |   2.2 |   2.0 |   0.7 |   0.0 | 344.7
         Abyss |   0.2 |   0.2 |   0.0 |   0.0 |   0.0 |  48.0
        Bazaar |   0.2 |   0.2 |   0.0 |   0.0 |   0.0 | 106.0
       Volcano |   0.9 |   1.1 |   0.0 |  17.7 |   0.0 | 504.0
               +-------+-------+-------+-------+-------+----------------------

Table legend:
 A = Kills in this place as a percentage of kills in entire the game.
 B = Kills by you in this place as a percentage of kills by you in the entire game.
 C = Kills by friends in this place as a percentage of kills by friends in the entire game.
 D = Other kills in this place as a percentage of other kills in the entire game.
 E = Experience gained in this place as a percentage of experience gained in the entire game.
 F = Experience gained in this place divided by the number of levels of this place that you have seen.
                   A       B       C       D       E      F
               +-------+-------+-------+-------+-------+----------------------
         Total | 100.0 | 100.0 | 100.0 | 100.0 | 100.0 | 31319.9
       Dungeon |  17.2 |  16.6 |   0.0 |  57.9 |   5.3 | 6247.7
          Lair |   5.7 |   5.9 |   0.0 |   0.0 |   2.4 | 6878.2
         Swamp |   5.3 |   5.5 |   0.0 |   1.8 |   3.9 | 17138.2
     Snake Pit |  10.2 |  10.5 |   0.0 |   3.5 |   9.1 | 39883.8
  Orcish Mines |   4.6 |   4.6 |   0.0 |  10.5 |   0.5 | 4330.0
   Elven Halls |   5.7 |   5.8 |   0.0 |   1.8 |   7.2 | 41896.0
        Vaults |  20.0 |  19.4 |  81.0 |   5.3 |  25.7 | 90101.0
         Crypt |   7.3 |   7.6 |   0.0 |   0.0 |   7.3 | 42849.7
          Tomb |   2.4 |   2.5 |   0.0 |   0.0 |   3.8 | 66095.0
        Depths |  15.6 |  15.7 |  11.9 |  10.5 |  25.0 | 87735.8
          Hell |   2.8 |   2.8 |   0.0 |   7.0 |   2.7 | 46871.0
           Zot |   2.6 |   2.6 |   0.0 |   1.8 |   7.0 | 40795.3
       Volcano |   0.6 |   0.5 |   7.1 |   0.0 |   0.2 | 3407.0
               +-------+-------+-------+-------+-------+----------------------

Vault maps used:
D:1:      onia_arrival_mini_maze_b, minmay_hexomino_r4
D:2:      kennysheep_slug_shrine, nemelex_xobeh_ov_fountains_minmay
D:3:      gammafunk_temple_overflow_claw
D:4:      grunt_temple_overflow_growth_and_decay,
          minmay_temple_entry_water_ring, first_ration
D:5:      minivault_19, minivault_23, uniq_grinder
D:6:      ashenzari_conservatory_becter
D:7:      lemuel_crystal_altar, uniq_pikel, uniq_menkaure
D:8:      tso_metal_star, lair_entry_dummy, uniq_erica
D:9:      serial_bayou, serial_bayou_ford_a, serial_bayou_pond_c,
          serial_bayou_lagoon_a, serial_bayou_shore_a
D:10:     hangedman_fish_farm, minmay_misc_feat_x, kennysheep_minor_cross,
          uniq_josephine, uniq_grum
D:11:     orc_0_dummy, basic_altar
D:12:     serial_shops, shop, kennysheep_mini, nicolae_shop_trees,
          nicolae_shop_trees
D:13:     uniq_erolcha
D:14:     cheibrodos_hippocracy, grunt_vaults_entry_tiered
D:15:     hangedman_spin_cycle, serial_shops
Lair:1:   roderic_batcave
Lair:3:   swamp_mist_pool, grunt_forest_small_clearings,
          cheibrodos_lair_reptile_den
Lair:4:   minmay_snake_entry_six_corridors
Lair:5:   minmay_slime_entry_pillars, infiniplex_staircase_pool,
          serial_bayou_shore_b
Lair:6:   grunt_lair_end_beastmaster, basic_altar, enter_volcano_4,
          grunt_megastairs_1
Swamp:1:  nicolae_swamp_dense_foliage
Swamp:2:  basic_altar, swamp_pool1, nicolae_swamp_little_tower
Swamp:3:  evilmike_swamp_ruin_house_4
Swamp:4:  swamp_old_school
Snake:1:  basic_altar, serial_shops, bzr_entry_islet, spider_trap,
          guppyfry_snake_island
Snake:2:  serial_bayou_lagoon_b
Snake:3:  st_stairs_7
Snake:4:  grunt_snake_rune_spirals, spider_trap, nrook_guardian_serpent_double
Orc:2:    st_orc_town
Elf:1:    eino_elf_arrival_the_gate, hangedman_elf_disciples, minmay_shoptagon
Elf:2:    serial_shops, shop_fountains, nicolae_elf_v_pinch,
          unseen_surprise_small
Elf:3:    elf_hall_gauntlet_wide, serial_shops, shop, minmay_shop_grove
Vaults:1: nicolae_vaults_twisting_passages, v_misc_30, vaults_room_ringed_pool,
          grunt_vaults_hallway_long, st_eye, hangedman_vaults_unwind,
          vaults_room_semicircle, grunt_vaults_bifocal,
          nicolae_vaults_border_crossing, vaults_room_semicircle,
          nicolae_vaults_network_quinsquares, vaults_room_mumra_shop_pool,
          hangedman_vaults_restitches
Vaults:2: grunt_tower_of_power, minmay_crypt_entry_necro_gods, v_misc_9,
          v_rooms_1, vaults_dpeg_diagonal,
          vaults_standard_mumra_enter_the_diamond, nicolae_vaults_theta,
          v_misc_26, v_misc_31, vaults_room_fancy_cross, hangedman_vaults_locks,
          serial_shops, nicolae_shop_overgrown_old_shop
Vaults:3: hangedman_vaults_snaps, hangedman_vaults_stream, v_misc_12, v_misc_22,
          v_rooms_6, nicolae_vaults_sealed_display, nicolae_vaults_puzzle_piece,
          vaults_room_grid, nicolae_vaults_little_squares_6, vaults_dpeg_hooks,
          nicolae_vaults_diagonal_hallway_7, ontoclasm_vaults_fault,
          uniq_asterion, uniq_aizul, uniq_frederick
Vaults:4: v_misc_23, ontoclasm_vaults_shuriken, v_misc_27, v_misc_26,
          hangedman_vaults_impose, nicolae_vaults_diagonal_hallway_9, v_misc_28,
          nicolae_vaults_network_square, nicolae_vaults_diagonal_hallway_9,
          hangedman_vaults_slither, nicolae_vaults_minivaults,
          nicolae_vaults_theta, nicolae_vaults_shelves_hall
Crypt:2:  grunt_megastairs_4, uniq_mara
Crypt:3:  grunt_crypt_end_deaths_head
Tomb:1:   uniq_khufu
Depths:1: minmay_the_grid_octo_tiled_octocenter, abyss_entry_small_statue_room,
          hell_entry, grunt_decor_resistance, spider_trap,
          lightli_corner_chamber
Depths:2: evilmike_hourglass, hell_entry, hangedman_abyss_or_decor_passed,
          pan_entry, minmay_staircase_bubble
Depths:3: minmay_two_paths, enter_ziggurat_d, serial_shops, shop, nicolae_wwwww,
          rand_demon_pan_entry_9, hell_entry
Depths:4: lemuel_castle_with_subvaults, hangedman_abyss_entry_splay, hell_entry,
          nicolae_trove_entry_crossroad, uniq_saint_roka
Depths:5: evilmike_zot_entry_hall, rand_demon_pan_entry_7, hell_entry,
          serial_bayou_shore_b
Zot:2:    basic_stair_grate_trap
Zot:3:    hangedman_zot_vaults_quadrants, st_large_dragon_hoard_4
Abyss:2:  grunt_abyss_exit_deep_breaths
Bazaar:   grunt_bazaar_doublecross
Volcano:  volcano_grotto
